 Dungeon Crawl Stone Soup version 0.19-a0-1672-g679cadd (webtiles) character file.

363 kae the Shield-Bearer (level 7, 0/52 HPs)
             Began as a Formicid Fighter on Sept 22, 2016.
             Slain by an ogre
             ... wielding a cursed +0 giant club
              (23 damage)
             ... on level 4 of the Dungeon.
             The game lasted 00:01:37 (2700 turns).

kae the Shield-Bearer (Formicid Fighter)            Turns: 2700, Time: 00:01:37

Health: 0/52       AC:  6    Str: 22    XL:     7   Next: 0%
Magic:  7/7        EV:  8    Int:  8    God:
Gold:   170        SH: 10    Dex: 10    Spells: 0 memorised, 6 levels left

rFire  . . .     SeeInvis +     a - +0 flail
rCold  . . .     Gourm    .     b - +0 scale mail
rNeg   . . .     Faith    .     c - +0 shield
rPois  .         Spirit   .     (helmet unavailable)
rElec  .         Dismiss  .     (no cloak)
rCorr  .         Reflect  .     (no gloves)
MR     .....     Harm     .     (no boots)
Stlth  ..........               (no amulet)
                                (no ring)
                                (no ring)

@: no status effects
A: permanent stasis, dig shafts and tunnels, four strong arms, antennae 3
a: Dig, Shaft Self


You were on level 4 of the Dungeon.
You were not hungry.

You visited 1 branch of the dungeon, and saw 4 of its levels.

You collected 170 gold pieces.

Inventory:

Hand Weapons
 a - a +0 flail (weapon)
Armour
 b - a +0 scale mail (worn)
 c - a +0 shield (worn)
Jewellery
 n - an uncursed ring of protection from fire {unknown}
Wands
 t - a wand of acid (7/15)
Scrolls
 e - a scroll of noise {unknown}
 i - 2 scrolls of identify {unknown}
 j - a scroll of remove curse {unknown}
 l - 2 scrolls of teleportation {unknown}
 p - a scroll of blinking {unknown}
 q - a scroll of recharging {unknown}
Potions
 d - a potion of might
 g - a potion of agility {unknown}
 h - a potion of haste {unknown}
 k - a potion of flight {unknown}
 m - a potion of berserk rage {unknown}
 o - a potion of degeneration {unknown}
 s - a potion of brilliance {unknown}
Books
 r - a book of Enchantments

   Spells                             Type                      Level
   a - Cause Fear                     Hexes                        4
   b - Yara's Violent Unravelling     Hexes/Transmutation          5
   c - Silence                        Hexes/Air                    5
   d - Deflect Missiles               Charms/Air                   6
   e - Haste                          Charms                       6
   f - Discord                        Hexes                        8
Comestibles
 f - 2 bread rations


   Skills:
 - Level 3.2 Fighting
 * Level 5.7 Maces & Flails
 - Level 3.2 Armour
 + Level 5.7 Shields


You had 6 spell levels left.
You didn't know any spells.

Dungeon Overview and Level Annotations

Branches:
Dungeon (4/15)
 Temple: D:4-7

Altars:
Okawaru
Yredelemnul


Innate Abilities, Weirdness & Mutations

You are under a permanent stasis effect.
You can dig through walls and to a lower floor.
Your four strong arms can wield two-handed weapons with a shield.
You have a pair of large antennae on your head. (SInv)


Message History

The ogre is too close now for your liking.
An ogre is nearby!
An ogre is nearby!
An ogre is nearby!
You hit the ogre.
The ogre is lightly wounded.
The ogre barely misses you.
You thump the ogre!
The ogre is heavily wounded.
You block the ogre's attack.
You hit the ogre.
The ogre is severely wounded.
The ogre hits you with a giant club!
You barely miss the ogre.
The ogre is severely wounded.
The ogre hits you with a giant club!!
You sock the ogre!
The ogre is almost dead.
The ogre hits you with a giant club!!
You die...

#.........#.#
#.........#.##############
##>..........)...........#
#.#..........##########.#
#.#..........#....#####.###
#.#(....(....#............#
#.#.......(..#............#
#.#..........O.....)..[...#
#.#.........@.....######.####
#.'..........................
###....(.....###########.####
#####..........# #..#
#..............## ##.##
#...............# #..#
#.......#.......# ##.#
#.......#.......# #.##
#.......#.......# #...


You could see an ogre.

Vanquished Creatures
  2 ogres (D:4)
  2 orc priests (D:3)
  5 adders
  An adder skeleton (D:4)
  3 worms (D:3)
  4 dart slugs
  A leopard gecko (D:1)
  4 orcs (D:3)
  10 bats
  3 giant cockroaches (D:3)
  5 goblins
  6 hobgoblins
  6 jackals
  9 kobolds
  2 ball pythons (D:2)
  2 frilled lizards (D:2)
  5 rats
70 creatures vanquished.

Notes
Turn   | Place    | Note
-------+----------+-------------------------------------------
     0 | D:1      | kae the Formicid Fighter began the quest for the Orb.
     0 | D:1      | Reached XP level 1. HP: 18/18 MP: 1/1
    46 | D:1      | Reached XP level 2. HP: 22/24 MP: 2/2
   236 | D:1      | Reached XP level 3. HP: 29/29 MP: 3/3
   804 | D:2      | Found a basalt altar of Yredelemnul.
   964 | D:2      | Reached XP level 4. HP: 31/35 MP: 4/4
  1574 | D:3      | Reached XP level 5. HP: 21/41 MP: 5/5
  1804 | D:3      | Reached skill level 5 in Shields
  1909 | D:3      | Found a faded altar of an unknown god.
  2306 | D:4      | Found an iron altar of Okawaru.
  2335 | D:4      | Noticed an ogre
  2344 | D:4      | Killed an ogre
  2344 | D:4      | Reached skill level 5 in Maces & Flails
  2344 | D:4      | Reached XP level 6. HP: 47/47 MP: 6/6
  2402 | D:4      | Noticed an ogre
  2409 | D:4      | HP: 1/47 [ogre/giant spiked club (18)]
  2410 | D:4      | Killed an ogre
  2669 | D:4      | Reached XP level 7. HP: 44/52 MP: 7/7
  2700 | D:4      | Slain by an ogre

Vault maps used:
D:1:      lemuel_arrival_broad_hall, serial_forest,
          infiniplex_forest_clump_tiny, infiniplex_forest_corner_2,
          infiniplex_forest_clump_curved, infiniplex_forest_clump_double,
          infiniplex_forest_end_1, infiniplex_forest_lined_2
D:2:      yredelemnul_altar_generic
D:3:      ecumenical_altar_2, grunt_decor_arrowhead, roderic_aztec_sauvastika
D:4:      lemuel_crystal_altar, first_bread, minmay_goblin_outpost

Skill      XL: |  1  2  3  4  5 |
---------------+----------------+-----
Shields        | 4 5 |  5.7
Maces & Flails | 3 4 5 |  5.7
Fighting       | |  3.2
Armour         | |  3.2

Action                   |  1- 3 |  4- 6 |  7- 9 || total
-------------------------+-------+-------+-------++-------
Melee: Flail             |   126 |   146 |     5 ||   277
  Eat: Chunk             |       |     6 |       ||     6
Armor: Scale mail        |    50 |    49 |       ||    99
Dodge: Dodged            |    38 |    36 |     1 ||    75
Block: Shield            |    76 |    69 |     1 ||   146
